 BcadrenCrawl: Boulder Brew version 0.05.4-47-g4e6e437f84 (webtiles) character file.

Game seed: 16178114913823976292, levelgen mode: deterministic

167 diana the Ducker (level 5, 0/4 HPs) Fairy Fire Elementalist. Began on Apr 3, 2022. Slain by a bat (1 damage) ... on level 2 of the Dungeon. The game lasted 00:04:17 (653 turns).

diana the Ducker (Fairy Fire Elementalist)           Turns: 653, Time: 00:04:18

Health: 0/4        AC:  0    Str:  2    XL:     5 ^: 141
Magic:  1/3        EV: 27    Int: 19    God:
Gold:   32         SH:  0    Dex: 17    Spells: 6/12 levels left

rFire    + . .     Vision   .   c - ring of fire
rCold    x . .     Gourm    .
rNeg     . . .     Faith    .
rCorr    . . .     Spirit   .
rPois    .         Reflect  .
rElec    .         Harm     .
MR       +....
Stlth    +.........
HPRegen  0.11/turn
MPRegen  0.13/turn

@: glowing, slow
A: tiny, no armour or weapons, only one jewelry slot, no melee attacks, fairy
magic, fairy shield, decreased potion and divine healing, unfitting armour,
flight, slowness 1, fairy light 1, insubstantial
a: Fly


You were on level 2 of the Dungeon.
You were not hungry.

You visited 1 branch of the dungeon, and saw 2 of its levels.

You collected 32 gold pieces.

Inventory:

Jewellery
 a - an uncursed ring of intelligence
 c - a ring of fire (around core)
 h - a cursed ring of intelligence {(Curse: rC-)}
 k - an uncursed ring of evasion
Scrolls
 d - 2 scrolls of holy word
 e - a scroll of fear
 i - a scroll of enchantment
 j - a scroll of teleportation
Potions
 f - a potion of heal wounds
 g - a potion of cancellation
Comestibles
 b - 5 rations


   Skills:
 + Level 4.7 Dodging
 - Level 1.4 Stealth
 + Level 4.0 Spellcasting
 + Level 4.6 Fire Magic


You had 6 spell levels left.
You knew the following spells:

 Your Spells              Type           Power        Failure   Level  Hunger
a - Foxfire               Fire           25 (25)      1%          1    0
b - Searing Ray Fire 32 (50) 3% 2 4-44 c - Conjure Flame Fire           32 (100)     6%          3    44-104

Your spell library contained the following spells:

 Spells                   Type           Power        Failure   Level  Hunger
 Inner Flame Hex/Fire 19 (100) 16% 3 44-104 Sticky Flame Fire/Pois 19 (100) 45% 4 124-224 Fireball Fire           32 (200)     50%         5    244-404


Dungeon Overview and Level Annotations

Branches:
Dungeon (2/8)

Altars:


Innate Abilities, Weirdness & Mutations

You are too small to use any gear.
You can wear a single ring or amulet completely around your body.
You are incapable of melee of any kind.
Your magic reserves are extremely low but spells that normally cost one mana are free and all other spells cost one mana.
You are extremely frail but all attacks that strike you do exactly one damage.
The effect of potions and godly healing effects is reduced to match your tiny health and magic reserves.
You are able to fly continuously.
You cover ground slowly.
You exude a bright light in a small radius around yourself.
Your insubstantial form boosts your evasion and grants immunity to sticky flames, nets and constriction.


Message History

You hear a splash.
Your Spellcasting skill increases to level 4!
You have reached level 5!
The bat hits you (1). The jelly misses you (0).
Casting: Searing Ray (safe; 3% risk of failure)
Confirm with . or Enter, or press ? or * to list all spells.
Aiming: Searing Ray (safe; 3% risk of failure)
Press: ? - help, Shift-Dir - straight line, f/p - jelly
Aim: a jelly (98%, 98% to-hit, healthy (15/15), 42% (Melee), haloed)
You feel a surge of power!
The searing ray hits the jelly (5).
The jelly is moderately wounded. (10/15) HP (Press . to maintain the ray.)
The bat barely misses you (0). The jelly hits you (2).
* * * LOW HITPOINT WARNING * * *
You are splashed with acid.
Unknown command.
The searing ray hits the jelly (5).
The jelly is severely wounded. (5/15) HP The bat hits you (1).
You die...

....PP >....# ######
≈≈≈≈≈≈≈ .....####...≈##
≈≈≈≈≈≈≈ .....#≈≈....≈.#
≈≈≈≈≈≈≈ ..............#
%≈≈≈≈≈≈
.............####≈≈≈≈≈≈≈
...≈†.........≈≈#≈≈≈≈≈≈≈
..###..≈≈#......#§≈≈≈≈≈.
..####.P##≈.....@J≈≈≈≈;≈
...# #####≈....b..≈≈≈PP≈
§..# ###......≈≈P≈≈≈
..≈# ##≈....≈PP.≈≈ .≈##
#.....P...≈≈ ###
##≈.....P..≈ ≈#
.....≈≈PP.≈ ≈#
....#.≈≈PP.. ##


You could see a jelly, a bat and a neutral slimehead (wandering) (passive).

Vanquished Creatures
  A bullfrog (D:2)
  2 giant cockroaches (D:1)
  5 cinder newts
  A worm (D:2)
  2 dart slugs (D:1)
  A leopard gecko (D:1)
  5 bats
  9 hobgoblins (D:1)
  5 goblins (D:1)
  2 kobolds (D:1)
  5 rats (D:1)
38 creatures vanquished.

Vanquished Creatures (others)
  2 kobolds (D:2)
  143 foxfires
  12 withered plants (D:2)
157 creatures vanquished.

Grand Total: 195 creatures vanquished

Notes
Turn   | Place    | Note
-------+----------+-------------------------------------------
     0 | D:1      | diana the Fairy Fire Elementalist began the quest for the
                  | Orb.
     0 | D:1      | Reached XP level 1. HP: 3/3 MP: 3/3
     3 | D:1      | Learned a level 2 spell: Searing Ray
    40 | D:1      | Reached XP level 2. HP: 1/3 MP: 2/3
   173 | D:1      | Reached XP level 3. HP: 4/4 MP: 2/3
   222 | D:1      | Learned a level 3 spell: Conjure Flame
   301 | D:1      | Reached XP level 4. HP: 4/4 MP: 3/3
   651 | D:2      | Reached XP level 5. HP: 3/4 MP: 2/3
   653 | D:2      | Slain by a bat

Levels and vault maps discovered:
D:1:      wander_arrival_desolate, layout_cave_pools
D:2:      layout_sewer, nicolae_ru_great_annihilating_truth,
          kennysheep_sewer_church, basic_altar, first_ration, hex_medium,
          minmay_manual_moon

Skill      XL: |  1  2  3  4 |
---------------+-------------+-----
Dodging        | 3 4 |  4.7
Spellcasting   | 3 4 |  4.0
Fire Magic     | 4 |  4.6
Stealth        | |  1.4

Action                   |  1- 3 |  4- 6 || total
-------------------------+-------+-------++-------
 Cast: Foxfire           |    60 |    33 ||    93
       Searing Ray       |     4 |     5 ||     9
Dodge: Dodged            |       |     8 ||     8
